 Dungeon Crawl Stone Soup version 0.18.1-50-g88ac8fd (console) character file.

204660 Kloppie the Warrior (level 18, -6/173 HPs)
             Began as a Centaur Berserker on Oct 30, 2016.
             Was the Champion of Trog.
             Mangled by a wolf spider (9 damage)
             ... on level 3 of the Spider Nest.
             The game lasted 01:26:06 (46828 turns).

Kloppie the Warrior (Centaur Berserker)            Turns: 46828, Time: 01:26:06

Health: -6/173     AC: 29    Str: 25    XL:     18   Next: 1%
Magic:  27/27      EV:  7    Int:  6    God:    Trog [******]
Gold:   2905       SH:  0    Dex: 17    Spells: 0 memorised, 17 levels left

rFire  . . .     SeeInvis .     a - +9 halberd of Pienys {drain, rElec rC+}
rCold  + + +     Gourm    +     H - +4 plate armour {rC+}
rNeg   . . .     Faith    .     (shield currently unavailable)
rPois  +         Spirit   .     D - +1 hat {rC+}
rElec  +         Dismiss  .     K - +0 cloak "Nirae" {Regen+ Str+3}
rCorr  .         Reflect  .     G - +0 pair of gloves "Hyat" {MP+9 Stlth+}
SustAt .         Harm     .     h - +0 centaur barding
MR     +....                    E - amulet of the gourmand
Stlth  ..........               m - +2 ring of evasion
                                T - ring of poison resistance

@: lethally poisoned (-6 -> -13), very quick, somewhat resistant to hostile
enchantments, extremely unstealthy
A: hooves 3, molten scales 1, agile 1, deformed body, speed 2, tough skin 3
a: Berserk, Trog's Hand, Brothers in Arms, Burn Spellbooks, Renounce Religion
}: 1/15 runes: decaying


You were on level 3 of the Spider Nest.
You worshipped Trog.
Trog was exalted by your worship.
You were completely stuffed.

You visited 5 branches of the dungeon, and saw 33 of its levels.
You also visited: Labyrinth, Bailey and Ice Cave.

You collected 3330 gold pieces.
You spent 425 gold pieces at shops.

Inventory:

Hand Weapons
 a - the +9 halberd of Pienys (weapon) {drain, rElec rC+}
   (Trog gifted it to you on level 1 of the Swamp)

   A truly terrible weapon, it drains the life of those it strikes.
   It protects you from cold.
   It insulates you from electricity.
 b - a +0 demon trident of protection
 i - a +9 vampiric halberd
 R - a +3 antimagic bardiche
Armour
 h - a +0 centaur barding (worn)
 D - a +1 hat of cold resistance (worn)
 G - the +0 pair of gloves "Hyat" (worn) {MP+9 Stlth+}
   (You found it on level 2 of the Lair of Beasts)

   It affects your magic capacity (+9).
   It makes you more stealthy.
 H - a +4 plate armour of cold resistance (worn)
 K - the +0 cloak "Nirae" (worn) {Regen+ Str+3}
   (You found it on level 1 of the Spider Nest)

   It affects your strength (+3).
   It increases your rate of regeneration.
Jewellery
 f - an uncursed ring of see invisible
 m - a +2 ring of evasion (right hand)
 B - an uncursed ring of sustain attributes
 E - an amulet of the gourmand (around neck)
 J - an uncursed ring of flight
 M - an uncursed ring of stealth
 T - a ring of poison resistance (left hand)
 W - an uncursed ring of resist corrosion
Wands
 l - a wand of digging (5/24)
 r - a wand of teleportation (5/9)
 u - a wand of teleportation (4/9)
 w - a wand of teleportation (8/9)
 I - a wand of heal wounds (6/9)
 V - a wand of digging (13/24)
Scrolls
 n - 9 scrolls of remove curse
 o - 11 scrolls of teleportation
 p - 7 scrolls of enchant armour
 x - a scroll of identify
 y - 5 scrolls of blinking
 F - a scroll of recharging
 N - a scroll of silence
 U - 6 scrolls of fog
 X - 6 scrolls of magic mapping
 Z - 2 scrolls of fear
Potions
 e - 4 potions of agility
 g - a potion of berserk rage
 j - 8 potions of curing
 k - a potion of invisibility
 q - 4 potions of haste
 s - a potion of magic
 t - 3 potions of cancellation
 z - 4 potions of might
 A - 2 potions of heal wounds
 C - a potion of ambrosia
 O - a potion of cure mutation
 P - 6 potions of flight
 Q - a potion of resistance
Comestibles
 c - 9 bread rations
 d - 7 slices of pizza
 v - 5 beef jerkies
 L - a royal jelly
 Y - 4 meat rations


   Skills:
 - Level 18.4 Fighting
 + Level 17.9 Polearms
 - Level 13.0 Armour
 - Level 3.7 Dodging


You had 17 spell levels left.
You didn't know any spells.

Dungeon Overview and Level Annotations

Branches:
Dungeon (15/15)            Temple (0/1) D:4            Lair (8/8) D:9
  Swamp (4/4) Lair:6       Spider (4/4) Lair:6        Slime (0/6) Lair:6
    Orc (2/2) D:10            Elf (0/3) Orc:2        Vaults (0/5) D:13
 Depths: D:15

Altars:
Dithmenos
Elyvilon
Fedhas
Gozag
Kikubaaqudgha
Nemelex Xobeh
Okawaru
Pakellas
Qazlal
Ru
Trog
Xom
Yredelemnul
Zin
The Shining One
Jiyva

Shops:
D:10 =   D:14 (   Orc:2 ([*=[

Annotations:
Lair:6 exclusion: oklob plant


Innate Abilities, Weirdness & Mutations

You have hooves in place of feet.
Armour fits poorly on your strangely shaped body.
You cover ground very quickly.
You have extremely tough skin (AC +3).
You are partially covered in molten scales (AC +1).
You are agile. (Dex +2)


Message History

The wolf spider bites you but does no damage.
The demonic crawler hits you but does no damage.
The demonic crawler completely misses you.
The demonic crawler hits you but does no damage.
The redback barely misses you.
You see here a tarantella corpse.
Your hill giant goes berserk!
You feel somewhat less full.
You feel sick. The redback bites you.
* * * LOW HITPOINT WARNING * * *
The wolf spider barely misses you. The wolf spider bites you.
* * * LOW HITPOINT WARNING * * *
The demonic crawler barely misses you.
The demonic crawler hits you but does no damage.
The demonic crawler closely misses you. The redback bites you!
* * * LOW HITPOINT WARNING * * *
The wolf spider barely misses you. The wolf spider bites you!
* * * LOW HITPOINT WARNING * * *
The redback bites you but does no damage.
The wolf spider hits you!
You die...

###..###....^.....≈#≈#≈.<#≈#
#...^#.##.#.#..#^.≈#≈#≈≈..≈#
#....#.......#....≈≈≈≈≈≈≈≈≈≈
##......#.........≈≈≈#≈#≈#≈#
#...........#......≈≈≈≈≈≈≈≈
#....#)..##.....#...≈###≈≈≈
###........#......#.≈.≈≈≈≈≈≈≈
##≈#....##...ssC...###≈.....≈.
#≈≈.....#....@ss.^..##........
#≈≈≈#^#.##...ss..#............
#≈≈#≈...###.#..##.......##....
#≈≈≈≈.####...#..........^....#
###≈≈≈####.....^....#^##......
######..^.##......#.#...#...
#.....#...##.....#.....
##^^#..).....#...^...#.
###.....>...^##....^..


You could see a demonic crawler, 2 wolf spiders, 3 redbacks and a friendly hill
giant (berserk).

Vanquished Creatures
  the Lernaean hydra (Swamp:4)
  Nikola (Swamp:1)
  Asterion (Spider:2)
  Frances (D:13)
  Gastronok (D:8)
  A frost giant (IceCv)
  3 orc warlords
  Maud (D:14)
  An emperor scorpion (Spider:3)
  A spark wasp (Spider:2)
  Snorg (D:13)
  Josephine (D:13)
  A minotaur (Lab)
  A fire dragon (Lair:8)
  A vault guard (D:13)
  2 entropy weavers
  A centaur warrior (D:14)
  18 hydras
  A ghost crab (Swamp:3)
  A tengu warrior (D:14)
  A queen ant (Spider:1)
  11 death yaks
  2 alligators
  Nergalle (Lair:2)
  3 orc high priests (Orc:2)
  10 swamp dragons
  An unseen horror (Lab)
  4 hill giants
  A shambling mangrove (Swamp:3)
  2 spriggan druids (Swamp:3)
  3 orc knights
  A lindwurm (Lair:7)
  Pikel (D:6)
  A necromancer (D:13)
  15 wolf spiders
  6 orb spiders
  A moth of wrath (Spider:3)
  A manticore (D:14)
  3 griffons
  7 orc sorcerers
  2 ugly things
  2 hornets
  A guardian serpent (Lair:8)
  19 elephants
  29 spiny frogs
  An ice statue (IceCv)
  Joseph (D:8)
  2 torpor snails
  10 black mambas
  2 gargoyles
  2 kobold demonologists (D:14)
  10 komodo dragons
  2 yaktaurs (D:13)
  6 demonic crawlers
  A tengu conjurer (D:14)
  4 rime drakes
  28 jumping spiders
  7 trolls
  A two-headed ogre (Orc:1)
  15 polar bears (IceCv)
  2 giant leeches
  19 slime creatures
  7 bog bodies
  3 boulder beetles
  24 blink frogs
  A minotaur skeleton (Lab)
  47 redbacks
  3 spriggans (Swamp:3)
  2 shadows
  13 tarantellas
  3 wraiths
  4 basilisks (Lair:8)
  22 humans (D:13)
  8 wyverns
  71 yaks
  6 hippogriffs
  7 hungry ghosts
  2 steam dragons
  Grum (D:8)
  27 vampire mosquitoes
  15 insubstantial wisps
  A mottled dragon (Lair:8)
  2 wargs
  25 water moccasins
  A soldier ant (Spider:1)
  18 swamp worms
  18 porcupines
  2 hell hounds (D:9)
  14 swamp drakes
  2 sky beasts (D:5)
  2 ice beasts
  42 orc warriors
  5 phantoms
  12 wasps
  A black bear (D:12)
  12 ogres
  2 necrophages
  23 wolves
  19 centaurs
  27 crocodiles
  3 big kobolds
  24 giant frogs
  2 wyvern skeletons
  3 scorpions
  2 troll zombies (D:10)
  4 killer bees
  10 wights
  4 electric eels
  4 crimson imps
  9 howler monkeys
  4 hounds
  A wasp zombie (D:9)
  3 centaur zombies
  A giant frog zombie (D:6)
  6 gnoll shamans (D:5)
  3 jellies
  23 orc priests
  31 orc wizards
  4 centaur skeletons
  3 giant frog skeletons
  13 iguanas
  34 worker ants
  A killer bee zombie (D:11)
  25 sheep
  4 ogre zombies (D:10)
  A howler monkey zombie (D:5)
  30 gnolls (D:5)
  A howler monkey skeleton (D:6)
  20 adders
  66 river rats
  7 shadow imps
  2 adder zombies
  18 worms
  2 dart slugs
  2 giant geckos
  120 orcs
  2 ball pythons (D:6)
  8 giant cockroaches
  8 goblins
  6 hobgoblins
  30 jackals
  5 quokkas
  2 ball python zombies (D:5)
  4 bats
  A giant gecko zombie (D:5)
  13 giant newts
  A goblin skeleton (D:10)
  A goblin zombie (D:10)
  A hobgoblin skeleton (D:10)
  16 kobolds
  5 orc skeletons (D:10)
  11 orc zombies (D:10)
  A quokka skeleton (D:7)
  2 quokka zombies
  3 rats
1385 creatures vanquished.

Vanquished Creatures (collateral kills)
  Nessos (D:13)
  A redback (Spider:2)
2 creatures vanquished.

Vanquished Creatures (others)
  2 swamp drakes (Swamp:2)
  A wight (D:6)
  A worker ant (Spider:1)
  An orc wizard (D:11)
  An orc (D:6)
  A giant cockroach zombie (D:6)
  10 fungi
  19 plants
36 creatures vanquished.

Grand Total: 1423 creatures vanquished

Notes
Turn   | Place    | Note
--------------------------------------------------------------
     0 | D:1      | Kloppie the Centaur Berserker began the quest for the Orb.
     0 | D:1      | Reached XP level 1. HP: 19/19 MP: 1/1
   245 | D:1      | Reached XP level 2. HP: 26/26 MP: 2/2
   652 | D:2      | Found an iron altar of Okawaru.
   691 | D:2      | Reached XP level 3. HP: 29/31 MP: 3/3
   794 | D:2      | Reached ** piety under Trog
  1140 | D:2      | Reached skill level 4 in Fighting
  1220 | D:3      | Reached XP level 4. HP: 39/40 MP: 4/4
  1844 | D:3      | Found an opulent altar of Gozag.
  2275 | D:3      | Reached *** piety under Trog
  2395 | D:4      | Found a glowing golden altar of the Shining One.
  2413 | D:4      | Found a staircase to the Ecumenical Temple.
  2557 | D:4      | Reached XP level 5. HP: 39/47 MP: 5/5
  2759 | D:4      | Received a gift from Trog
  2919 | D:4      | Reached skill level 5 in Fighting
  3220 | D:4      | Reached XP level 6. HP: 56/56 MP: 6/6
  3388 | D:4      | Found a bloodstained altar of Trog.
  3440 | D:5      | Entered Level 5 of the Dungeon
  3474 | D:5      | Reached skill level 5 in Polearms
  3717 | D:5      | Found a white marble altar of Elyvilon.
  3722 | D:5      | Got a black opal-encrusted leather armour
  3766 | D:5      | Identified the +3 leather armour of Isisoiw {+Inv rPois rC+ Int-3} (You found it on level 5 of the Dungeon)
  3815 | D:5      | Found a basalt altar of Yredelemnul.
  3979 | D:5      | Reached XP level 7. HP: 62/62 MP: 7/7
  4030 | D:5      | Reached skill level 6 in Fighting
  4036 | D:5      | Found a sacrificial altar of Ru.
  4440 | D:5      | Found an oddly glowing altar of Pakellas.
  4443 | D:5      | Found a stormy altar of Qazlal.
  4446 | D:5      | Found an ancient bone altar of Kikubaaqudgha.
  4456 | D:5      | Found a blossoming altar of Fedhas.
  4546 | D:5      | Reached **** piety under Trog
  5631 | D:5      | Reached skill level 7 in Fighting
  5631 | D:5      | Reached XP level 8. HP: 64/73 MP: 8/8
  7183 | D:6      | Reached skill level 8 in Fighting
  7208 | D:6      | Found a shimmering altar of Xom.
  7783 | D:6      | Reached XP level 9. HP: 50/81 MP: 9/9
  8103 | D:6      | Found a shadowy altar of Dithmenos.
  8103 | D:6      | Found a sparkling altar of Nemelex Xobeh.
  8104 | D:6      | Found a glowing silver altar of Zin.
  8140 | D:6      | Noticed Pikel
  8155 | D:6      | Killed Pikel
  9406 | D:8      | Received a gift from Trog
  9454 | D:8      | Found a flagged portal.
  9466 | Bailey   | Entered a bailey
  9909 | Bailey   | Reached skill level 5 in Armour
 11201 | Bailey   | Reached XP level 10. HP: 88/88 MP: 10/10
 11531 | Bailey   | HP: 1/88 [centaur/javelin of returning (9)]
 11563 | Bailey   | Reached skill level 10 in Polearms
 12040 | D:8      | Noticed Grum
 12067 | D:8      | Killed Grum
 12486 | D:8      | Noticed Gastronok
 12506 | D:8      | Killed Gastronok
 12506 | D:8      | Reached skill level 9 in Fighting
 12614 | D:8      | Noticed Joseph
 12625 | D:8      | Killed Joseph
 13035 | D:9      | Found a staircase to the Lair.
 13406 | D:9      | Reached XP level 11. HP: 80/99 MP: 11/11
 13583 | D:9      | Reached skill level 10 in Fighting
 13781 | D:9      | Found a blossoming altar of Fedhas.
 13934 | D:10     | Entered Level 10 of the Dungeon
 14710 | D:10     | Noticed a hill giant
 14728 | D:10     | Killed a hill giant
 15107 | D:10     | Found a staircase to the Orcish Mines.
 15214 | D:10     | Found Ulaek's Jewellery Shop.
 15217 | D:10     | Bought a cursed ring of loudness for 67 gold pieces
 15217 | D:10     | Bought an uncursed ring of poison resistance for 300 gold pieces
 15650 | D:10     | Noticed a hill giant
 15658 | D:10     | Killed a hill giant
 15658 | D:10     | Reached skill level 11 in Fighting
 15925 | D:10     | Reached ***** piety under Trog
 16709 | D:10     | HP: 2/102 [wyvern skeleton (8)]
 17102 | Lair:1   | Entered Level 1 of the Lair of Beasts
 17645 | Lair:1   | Reached XP level 12. HP: 34/110 MP: 12/12
 19090 | Lair:2   | Noticed a four-headed hydra
 19096 | Lair:2   | Killed a four-headed hydra
 19096 | Lair:2   | Received a gift from Trog
 19268 | Lair:2   | Noticed Nergalle
 19289 | Lair:2   | Reached skill level 12 in Fighting
 19381 | Lair:2   | Killed Nergalle
 19514 | Lair:2   | Got a pair of brightly glowing gloves
 19520 | Lair:2   | Identified the cursed +0 pair of gloves "Hyat" {MP+9 Stlth+} (You found it on level 2 of the Lair of Beasts)
 21623 | Lair:3   | Received a gift from Trog
 21708 | Lair:3   | Reached skill level 13 in Fighting
 21708 | Lair:3   | Reached XP level 13. HP: 96/122 MP: 13/13
 22149 | Lair:4   | Reached XP level 14. HP: 75/129 MP: 14/14
 22615 | Lair:4   | Reached skill level 15 in Polearms
 23968 | Lair:5   | Received a gift from Trog
 24847 | Lair:6   | Found a staircase to the Slime Pits.
 24848 | Lair:6   | Found a viscous altar of Jiyva.
 25774 | Lair:6   | Found a staircase to the Swamp.
 25958 | Lair:6   | Found a hole to the Spider Nest.
 26351 | Lair:7   | Received a gift from Trog
 26366 | Lair:7   | Found a labyrinth entrance.
 26524 | Lab      | Entered a labyrinth
 27304 | Lab      | Got a heavily runed lapis lazuli ring
 27304 | Lab      | Got a faintly glowing emerald amulet
 27307 | Lab      | Got an ichor-stained cloak
 27320 | Lair:7   | Identified the cursed -3 cloak of Gaur {rF+ rN+ Dex-2} (You found it in a labyrinth)
 27321 | Lair:7   | Identified the ring of Nimn {-Tele +Fly Int+2 Dex+4 Slay+3} (You found it in a labyrinth)
 27322 | Lair:7   | Identified the amulet "Dej Fer" {RegenMP *Corrode rC+ rN+} (You found it in a labyrinth)
 28330 | Orc:1    | Entered Level 1 of the Orcish Mines
 28337 | Orc:1    | Noticed an orc warlord
 28495 | D:10     | HP: 9/195 [orc warrior/trident[an orc warlord] (17)]
 28808 | D:9      | Killed an orc warlord
 29378 | D:11     | Found a frozen archway.
 29441 | D:11     | Reached XP level 15. HP: 101/137 MP: 15/15
 29455 | IceCv    | Entered an ice cave
 30261 | IceCv    | Noticed a frost giant
 30283 | IceCv    | Killed a frost giant
 30940 | D:10     | Received a gift from Trog
 31048 | D:11     | Reached skill level 14 in Fighting
 32190 | D:13     | Noticed Frances
 32212 | D:13     | Killed Frances
 32426 | D:13     | Found a gate to the Vaults.
 32565 | D:13     | Reached skill level 15 in Fighting
 32587 | D:13     | Reached ****** piety under Trog
 32646 | D:13     | Got a topaz-studded ring mail
 32657 | D:13     | Identified the +3 ring mail of Chimes {rPois Dex+4} (You found it on level 13 of the Dungeon)
 33157 | D:14     | Found Vauvagish's Antique Weapon Shoppe.
 33602 | D:14     | Noticed Snorg
 33603 | D:14     | Noticed Nessos
 33604 | D:14     | Noticed Josephine
 33911 | D:13     | Killed Snorg
 34121 | D:13     | Killed Josephine
 34128 | D:13     | Killed Nessos
 34275 | D:14     | You fall through a shaft!
 34275 | D:15     | Entered Level 15 of the Dungeon
 34290 | D:14     | Noticed Maud
 34321 | D:14     | Killed Maud
 34327 | D:14     | Received a gift from Trog
 34327 | D:14     | Reached skill level 16 in Fighting
 35262 | Lair:8   | Entered Level 8 of the Lair of Beasts
 35278 | Lair:8   | Received a gift from Trog
 35539 | Lair:8   | Reached XP level 16. HP: 143/152 MP: 16/16
 35998 | Lair:8   | Reached skill level 17 in Fighting
 36254 | Lair:8   | Received a gift from Trog
 37385 | Orc:2    | Entered Level 2 of the Orcish Mines
 37394 | Orc:2    | Received a gift from Trog
 38020 | Orc:2    | Reached skill level 10 in Armour
 38580 | Orc:2    | Received a gift from Trog
 38968 | Orc:2    | Found Qeskufoige's Antique Armour Shop.
 38972 | Orc:2    | Found Labu's Antique Weapon Shop.
 38974 | Orc:2    | Found Xiter's General Store.
 38974 | Orc:2    | Found Jynafuig's Jewellery Boutique.
 38980 | Orc:2    | Bought a cursed ring of teleportation for 58 gold pieces
 38981 | Orc:2    | Gained mutation: You are agile. (Dex +2) [potion of beneficial mutation]
 38982 | Orc:2    | Gained mutation: You are partially covered in molten scales (AC +1). [potion of beneficial mutation]
 39152 | Orc:2    | Found Fariz's Armour Shoppe.
 39224 | Orc:2    | Found a staircase to the Elven Halls.
 39547 | Swamp:1  | Entered Level 1 of the Swamp
 39733 | Swamp:1  | Received a gift from Trog
 39734 | Swamp:1  | Got an ichor-stained halberd {god gift}
 39925 | Swamp:1  | Noticed Nikola
 39944 | Swamp:1  | Killed Nikola
 40495 | Swamp:1  | You fall through a shaft!
 40550 | Swamp:2  | Identified the +9 halberd of Pienys {drain, rElec rC+} (Trog gifted it to you on level 1 of the Swamp)
 41645 | Swamp:3  | Reached XP level 17. HP: 131/161 MP: 17/17
 42568 | Swamp:4  | Entered Level 4 of the Swamp
 42844 | Swamp:4  | Noticed the 27-headed Lernaean hydra
 42856 | Swamp:4  | Killed the 27-headed Lernaean hydra
 43561 | Swamp:4  | Got a decaying rune of Zot
 43772 | Spider:1 | Entered Level 1 of the Spider Nest
 43911 | Spider:1 | Received a gift from Trog
 44095 | Spider:1 | Got a slimy cloak
 44173 | Spider:1 | Identified the +0 cloak "Nirae" {Regen+ Str+3} (You found it on level 1 of the Spider Nest)
 44903 | Spider:2 | Received a gift from Trog
 45042 | Spider:2 | Noticed Asterion
 45064 | Spider:2 | Killed Asterion
 45064 | Spider:2 | Reached skill level 18 in Fighting
 45067 | Spider:2 | Got a jewelled shield
 45094 | Spider:1 | Identified the +5 shield of Goingo {-Tele MP+9 Stlth+} (You took it off Asterion on level 2 of the Spider Nest)
 45576 | Spider:2 | Received a gift from Trog
 46588 | Spider:3 | Reached XP level 18. HP: 152/173 MP: 18/18
 46808 | Spider:4 | Entered Level 4 of the Spider Nest
 46828 | Spider:3 | HP: 3/173 [wolf spider (9)]
 46828 | Spider:3 | Mangled by a wolf spider

Skill      XL: |  1  2  3  4  5  6  7  8  9 10 11 12 13 14 15 16 17 |
---------------+----------------------------------------------------+-----
Polearms       | 3 4 5 6 8 9 11 12 14 17 | 17.9
Fighting       | 4 5 7 8 9 11 13 16 17 18 | 18.4
Armour         | 2 5 6 7 8 11 13 | 13.0
Dodging        | 3 |  3.7

Action                   |  1- 3 |  4- 6 |  7- 9 | 10-12 | 13-15 | 16-18 || total
-------------------------+-------+-------+-------+-------+-------+-------++-------
Melee: Spear             |   141 |   281 |   750 |       |       |       ||  1172
       Kick              |    20 |    66 |   185 |   408 |   499 |   582 ||  1760
       Trident           |       |       |   104 |  1315 |    17 |     8 ||  1444
       Halberd           |       |       |       |       |   953 |  1509 ||  2462
       Glaive            |       |       |       |       |   660 |       ||   660
       Demon trident     |       |       |       |       |       |   284 ||   284
Invok: Berserk           |       |     7 |    20 |    21 |    15 |     7 ||    70
       Trog's Hand       |       |     3 |    10 |    12 |     6 |     5 ||    36
       Brothers in Arms  |       |       |       |       |     1 |     3 ||     4
Evoke: Wand              |       |       |       |       |     1 |       ||     1
  Use: Scroll            |       |     2 |    14 |    11 |    10 |    12 ||    49
       Potion            |       |       |       |     5 |       |     4 ||     9
 Stab: Distracted        |       |       |       |       |     1 |     1 ||     2
       Sleeping          |       |       |       |       |     1 |       ||     1
       Confused          |       |       |       |       |       |     2 ||     2
  Eat: Chunk             |       |    14 |    37 |    39 |    77 |    51 ||   218
       Meat ration       |       |       |     2 |     1 |     3 |       ||     6
       Bread ration      |       |       |       |     2 |       |       ||     2
       Royal jelly       |       |       |       |     1 |       |       ||     1
       Pizza             |       |       |       |       |     1 |       ||     1
       Beef jerky        |       |       |       |       |     1 |       ||     1
Armor: Animal skin       |     9 |       |       |       |       |       ||     9
       Leather armour    |     3 |       |    84 |    35 |       |       ||   122
       Ring mail         |    47 |    53 |       |       |   227 |   223 ||   550
       Scale mail        |       |    48 |   135 |   517 |   857 |       ||  1557
       Chain mail        |       |       |       |       |   135 |       ||   135
       Plate armour      |       |       |       |       |       |  1536 ||  1536
Dodge: Dodged            |    36 |   122 |   232 |   377 |   614 |   496 ||  1877
